TOP OF THE 1ST |
Cleveland (APP) Indians batting - Pitching for Baltimore (APP) Orioles : RHP Bryant Orr
|
Pitching: RHP Bryant Orr
|
|
Batting: RHB John Clark
|
0-0: Called Strike 0-1: Swinging Strike 0-2: Ball 1-2: Foul Ball, location: 2F 1-2: Strikes out swinging
|
Batting: RHB Carlos Manriquez
|
0-0: Called Strike 0-1: Foul Ball, location: 2F 0-2: Foul Ball, location: 2F 0-2: Foul Ball, location: 2F 0-2: Ball 1-2: Strikes out swinging
|
Batting: RHB Juan Gallardo
|
0-0: Swinging Strike 0-1: Ball 1-1: Ball 2-1: Swinging Strike 2-2: Ball 3-2: Strikes out looking
|
Top of the 1st over - 0 runs, 0 hits, 0 errors, 0 left on base; Cleveland (APP) 0 - Baltimore (APP) 0 |
BOTTOM OF THE 1ST |
Baltimore (APP) Orioles batting - Pitching for Cleveland (APP) Indians : RHP Mike Shields
|
Pitching: RHP Mike Shields
|
|
Batting: LHB Eric Jackson
|
0-0: Called Strike 0-1: Foul Ball, location: 2F 0-2: Ball 1-2: Ball 2-2: Foul Ball, location: 2F 2-2: Strikes out swinging
|
Batting: RHB Mike Zepeda
|
0-0: Called Strike 0-1: Ground out 6-3 (Groundball, 56, EV 85.6 MPH)
|
Batting: RHB Alex Valencia
|
0-0: Called Strike 0-1: Ball 1-1: Foul Ball, location: 2F 1-2: Ball 2-2: Fly out, F3 (Popup, 3, EV 60.6 MPH)
|
Bottom of the 1st over - 0 runs, 0 hits, 0 errors, 0 left on base; Cleveland (APP) 0 - Baltimore (APP) 0 |
TOP OF THE 2ND |
Cleveland (APP) Indians batting - Pitching for Baltimore (APP) Orioles : RHP Bryant Orr
|
Batting: RHB Luis Roman
|
0-0: Foul Ball, location: 2F 0-1: Ball 1-1: Ball 2-1: Swinging Strike 2-2: Foul Ball, location: 2F 2-2: Foul Ball, location: 2F 2-2: Fly out, F6 (Line Drive, 6, EV 73.1 MPH)
|
Batting: LHB Kenji Yokoyama
|
0-0: Reached on error, E6 (Groundball, 6, EV 105.6 MPH)
|
Batting: RHB Joe Shade
|
0-0: Swinging Strike 0-1: Ball 1-1: Ball 2-1: Called Strike 2-2: Strikes out swinging
|
Batting: LHB Heath Ryland
|
0-0: Ball 1-0: Ball 2-0: Swinging Strike 2-1: Swinging Strike 2-2: Fly out, F8 (Flyball, 8RXD, EV 100.0 MPH)
|
Top of the 2nd over - 0 runs, 0 hits, 1 error, 1 left on base; Cleveland (APP) 0 - Baltimore (APP) 0 |
BOTTOM OF THE 2ND |
Baltimore (APP) Orioles batting - Pitching for Cleveland (APP) Indians : RHP Mike Shields
|
Batting: RHB Jeremy Sipe
|
0-0: Ball 1-0: Called Strike 1-1: Ball 2-1: Ball 3-1: Foul Ball, location: 2F 3-2: Fly out, F5 (Popup, 5SF, EV 82.5 MPH)
|
Batting: LHB Antonio Cantu
|
0-0: Ball 1-0: Ball 2-0: Swinging Strike 2-1: Ball 3-1: Foul Ball, location: 2F 3-2: Strikes out swinging
|
Batting: RHB Fernando Bravo
|
0-0: Called Strike 0-1: Ball 1-1: Ball 2-1: Called Strike 2-2: Ground out 5-3 (Groundball, 56, EV 84.4 MPH)
|
Bottom of the 2nd over - 0 runs, 0 hits, 0 errors, 0 left on base; Cleveland (APP) 0 - Baltimore (APP) 0 |
TOP OF THE 3RD |
Cleveland (APP) Indians batting - Pitching for Baltimore (APP) Orioles : RHP Bryant Orr
|
Batting: RHB Ken Shear
|
0-0: Fly out, F8 (Flyball, 8RD, EV 103.8 MPH)
|
Batting: LHB Jose Esteban
|
0-0: DOUBLE (Groundball, 3L, EV 100.6 MPH)
|
Batting: RHB John Clark
|
0-0: Called Strike 0-1: Called Strike 0-2: Strikes out swinging
|
Batting: RHB Carlos Manriquez
|
0-0: Foul Ball, location: 2F 0-1: Called Strike 0-2: Foul Ball, location: 2F 0-2: Strikes out swinging
|
Top of the 3rd over - 0 runs, 1 hit, 0 errors, 1 left on base; Cleveland (APP) 0 - Baltimore (APP) 0 |
BOTTOM OF THE 3RD |
Baltimore (APP) Orioles batting - Pitching for Cleveland (APP) Indians : RHP Mike Shields
|
Batting: LHB Tomas de Zeeuw
|
0-0: Called Strike 0-1: Foul Ball, location: 2F 0-2: Foul Ball, location: 2F 0-2: Ball 1-2: Ball 2-2: SINGLE (Line Drive, 56D, EV 95.0 MPH)
|
Batting: RHB Matt O'Dea
|
0-0: Called Strike 0-1: Ball 1-1: Ball 2-1: Ball 3-1: Foul Ball, location: 2F 3-2: Base on Balls Tomas de Zeeuw to second
|
Pitching: RHP Gilbert Paparelli
|
|
Batting: RHB Roberto Sotelo
|
0-0: Ball 1-0: Called Strike 1-1: Swinging Strike Passed Ball! Tomas de Zeeuw to third Matt O'Dea to second 1-2: Ground out 2-3 (Groundball, 15S, EV 63.1 MPH)
|
Batting: LHB Eric Jackson
|
0-0: Ball Passed Ball! Tomas de Zeeuw scores Matt O'Dea to third 1-0: Ball 2-0: TRIPLE (Flyball, 89XD, EV 109.4 MPH) Matt O'Dea scores
|
Batting: RHB Mike Zepeda
|
0-0: Ball 1-0: Ball Wild Pitch! Eric Jackson scores 2-0: Ball 3-0: Base on Balls
|
Batting: RHB Alex Valencia
|
0-0: Fielders Choice at 2nd, 4-6 (Groundball, 4, EV 105.6 MPH)
|
Batting: RHB Jeremy Sipe
|
0-0: Called Strike Alex Valencia steals 2nd base 0-1: Hit by Pitch
|
Batting: LHB Antonio Cantu
|
0-0: Ball Passed Ball! Alex Valencia to third Jeremy Sipe to second 1-0: Foul Ball, location: 2F 1-1: Foul Ball, location: 2F 1-2: Ball 2-2: Foul Ball, location: 2F 2-2: SINGLE (Groundball, 4MD, EV 103.1 MPH) Alex Valencia scores Jeremy Sipe to third Runner from 3rd tries for Home, SAFE, throw by CF to home
|
Pitching: LHP Jordan Jimenez
|
|
Batting: RHB Fernando Bravo
|
0-0: Ball Wild Pitch! Antonio Cantu to second 1-0: Ball Wild Pitch! Antonio Cantu to third 2-0: Ball 3-0: Base on Balls
|
Batting: LHB Tomas de Zeeuw
|
0-0: Called Strike 0-1: Foul Ball, location: 2F 0-2: TRIPLE (Line Drive, 89XD, EV 98.1 MPH) Antonio Cantu scores Fernando Bravo scores
|
Batting: RHB Matt O'Dea
|
0-0: Ball 1-0: 2-RUN HOME RUN (Flyball, 78XD, EV 114.4 MPH), Distance : 447 ft
|
Batting: RHB Roberto Sotelo
|
0-0: SINGLE (Groundball, 6M, EV 90.0 MPH) (infield hit)
|
Batting: LHB Eric Jackson
|
0-0: Ball Passed Ball! Roberto Sotelo to second 1-0: Foul Ball, location: 2F 1-1: Ball 2-1: Ball 3-1: Base on Balls
|
Batting: RHB Mike Zepeda
|
0-0: Called Strike 0-1: Foul Ball, location: 2F 0-2: Ball 1-2: Ball Passed Ball! Roberto Sotelo to third Eric Jackson to second 2-2: Ball 3-2: SINGLE (Line Drive, 9S, EV 113.1 MPH) Roberto Sotelo scores Eric Jackson to third Runner from 3rd tries for Home, SAFE, throw by RF to home Mike Zepeda to second
|
Batting: RHB Alex Valencia
|
0-0: Called Strike 0-1: Ball 1-1: Ball 2-1: Ball Wild Pitch! Mike Zepeda to third 3-1: Base on Balls
|
Batting: RHB Jeremy Sipe
|
0-0: Called Strike 0-1: Ball 1-1: Ball Passed Ball! Mike Zepeda scores Alex Valencia to second 2-1: Ball 3-1: Called Strike 3-2: Base on Balls
|
Batting: LHB Antonio Cantu
|
0-0: SINGLE (Line Drive, 9S, EV 109.4 MPH) Alex Valencia to third Jeremy Sipe to second Runner from 3rd tries for Home, SAFE, throw by RF to home
|
Batting: RHB Fernando Bravo
|
0-0: Called Strike 0-1: Fly out, F4 (Line Drive, 4, EV 65.6 MPH)
|
Bottom of the 3rd over - 13 runs, 8 hits, 0 errors, 2 left on base; Cleveland (APP) 0 - Baltimore (APP) 13 |
TOP OF THE 4TH |
Cleveland (APP) Indians batting - Pitching for Baltimore (APP) Orioles : RHP Bryant Orr
|
Batting: RHB Juan Gallardo
|
0-0: Foul Ball, location: 2F 0-1: Foul Ball, location: 2F 0-2: Ball 1-2: Strikes out looking
|
Batting: RHB Luis Roman
|
0-0: Foul Ball, location: 2F 0-1: Swinging Strike 0-2: Ball 1-2: Strikes out looking
|
Batting: LHB Kenji Yokoyama
|
0-0: Foul Ball, location: 2F 0-1: Foul Ball, location: 2F 0-2: Strikes out swinging
|
Top of the 4th over - 0 runs, 0 hits, 0 errors, 0 left on base; Cleveland (APP) 0 - Baltimore (APP) 13 |
BOTTOM OF THE 4TH |
Baltimore (APP) Orioles batting - Pitching for Cleveland (APP) Indians : LHP Jordan Jimenez
|
Batting: LHB Tomas de Zeeuw
|
0-0: Fly out, F6 (Popup, 6S, EV 81.2 MPH)
|
Batting: RHB Matt O'Dea
|
0-0: SINGLE (Groundball, 4MD, EV 97.5 MPH)
|
Batting: RHB Roberto Sotelo
|
0-0: Fielders Choice at 2nd, 6-4 (Groundball, 56, EV 85.6 MPH)
|
Batting: LHB Eric Jackson
|
0-0: Fielders Choice at 2nd, 6-4 (Groundball, 6, EV 82.5 MPH)
|
Bottom of the 4th over - 0 runs, 1 hit, 0 errors, 1 left on base; Cleveland (APP) 0 - Baltimore (APP) 13 |
TOP OF THE 5TH |
Cleveland (APP) Indians batting - Pitching for Baltimore (APP) Orioles : RHP Bryant Orr
|
Batting: RHB Joe Shade
|
0-0: Called Strike 0-1: Ball 1-1: Ball 2-1: Ball 3-1: Ground out 4-3 (Groundball, 4, EV 104.4 MPH)
|
Batting: LHB Heath Ryland
|
0-0: Called Strike 0-1: Ball 1-1: Foul Ball, location: 2F 1-2: Ball 2-2: Ball 3-2: Foul Ball, location: 2F 3-2: SINGLE (Groundball, 34, EV 103.1 MPH)
|
Batting: RHB Ken Shear
|
0-0: Fielders Choice at 2nd, 6-4 (Groundball, 6, EV 81.2 MPH)
|
Batting: LHB Jose Esteban
|
0-0: Called Strike 0-1: Ball 1-1: Swinging Strike 1-2: Ball 2-2: Strikes out swinging
|
Top of the 5th over - 0 runs, 1 hit, 0 errors, 1 left on base; Cleveland (APP) 0 - Baltimore (APP) 13 |
BOTTOM OF THE 5TH |
Baltimore (APP) Orioles batting - Pitching for Cleveland (APP) Indians : LHP Jordan Jimenez
|
Batting: RHB Mike Zepeda
|
0-0: Foul Ball, location: 2F 0-1: Foul Ball, location: 2F 0-2: Foul Ball, location: 2F 0-2: Foul Ball, location: 2F 0-2: DOUBLE (Groundball, 5L, EV 108.1 MPH)
|
Batting: RHB Alex Valencia
|
0-0: Ground out U3 (Groundball, 3S, EV 68.1 MPH) Mike Zepeda to third
|
Batting: RHB Jeremy Sipe
|
0-0: Hit by Pitch
|
Batting: LHB Antonio Cantu
|
0-0: Fielders Choice at 2nd, 3-6 (Groundball, 3, EV 83.1 MPH) Mike Zepeda scores
|
Batting: RHB Fernando Bravo
|
0-0: Called Strike 0-1: Foul Ball, location: 2F 0-2: Fly out, F8 (Line Drive, 8LM, EV 96.9 MPH)
|
Bottom of the 5th over - 1 run, 1 hit, 0 errors, 1 left on base; Cleveland (APP) 0 - Baltimore (APP) 14 |
TOP OF THE 6TH |
Cleveland (APP) Indians batting - Pitching for Baltimore (APP) Orioles : RHP Bryant Orr
|
Batting: RHB John Clark
|
0-0: Ball 1-0: Ball 2-0: Ball 3-0: Called Strike 3-1: Foul Ball, location: 2F 3-2: Fly out, F8 (Flyball, 78D, EV 76.2 MPH)
|
Batting: RHB Carlos Manriquez
|
0-0: Ball 1-0: Ball 2-0: Called Strike 2-1: Ball 3-1: Called Strike 3-2: Ground out 4-3 (Groundball, 4, EV 104.4 MPH)
|
Batting: RHB Juan Gallardo
|
0-0: Ball 1-0: Called Strike 1-1: Swinging Strike 1-2: Foul Ball, location: 2F 1-2: Ball 2-2: Strikes out looking
|
Top of the 6th over - 0 runs, 0 hits, 0 errors, 0 left on base; Cleveland (APP) 0 - Baltimore (APP) 14 |
BOTTOM OF THE 6TH |
Baltimore (APP) Orioles batting - Pitching for Cleveland (APP) Indians : LHP Jordan Jimenez
|
Batting: LHB Tomas de Zeeuw
|
0-0: Ball 1-0: Ball 2-0: Ball 3-0: Foul Ball, location: 2F 3-1: Base on Balls
|
Batting: RHB Matt O'Dea
|
0-0: Ball 1-0: Called Strike 1-1: Called Strike 1-2: Ball Passed Ball! Tomas de Zeeuw to second 2-2: Ball 3-2: Foul Ball, location: 2F 3-2: Base on Balls
|
Batting: RHB Roberto Sotelo
|
0-0: SINGLE (Groundball, 6MD, EV 95.6 MPH) Tomas de Zeeuw to third Matt O'Dea to second Runner from 3rd tries for Home, SAFE, throw by CF to home
|
Batting: LHB Eric Jackson
|
0-0: Called Strike 0-1: Ball 1-1: 3-RUN HOME RUN (Flyball, 7D, EV 101.9 MPH), Distance : 380 ft
|
Batting: RHB Mike Zepeda
|
0-0: Called Strike 0-1: Ball 1-1: Swinging Strike 1-2: Ball 2-2: Foul Ball, location: 2F 2-2: Ball 3-2: Foul Ball, location: 2F 3-2: Base on Balls
|
Batting: RHB Alex Valencia
|
0-0: Swinging Strike 0-1: Ball 1-1: Foul Ball, location: 2F 1-2: Ball 2-2: Foul Ball, location: 2F 2-2: Ball 3-2: Base on Balls Mike Zepeda to second
|
Batting: RHB Jeremy Sipe
|
0-0: Called Strike 0-1: Ball Passed Ball! Mike Zepeda to third Alex Valencia to second 1-1: Foul Ball, location: 2F 1-2: Foul Ball, location: 2F 1-2: Strikes out looking
|
Batting: LHB Antonio Cantu
|
0-0: Ball 1-0: Ball 2-0: Called Strike 2-1: Swinging Strike 2-2: Ball 3-2: Base on Balls
|
Batting: RHB Fernando Bravo
|
0-0: Hit by Pitch Mike Zepeda scores Alex Valencia to third Antonio Cantu to second
|
Batting: LHB Tomas de Zeeuw
|
0-0: SINGLE (Groundball, 34D, EV 105.0 MPH) Alex Valencia scores Antonio Cantu to third Fernando Bravo to second
|
Batting: RHB Matt O'Dea
|
0-0: Called Strike 0-1: Fly out, F6 (Flyball, 6MD, EV 86.9 MPH)
|
Batting: RHB Roberto Sotelo
|
0-0: Ball Passed Ball! Antonio Cantu scores Fernando Bravo to third Tomas de Zeeuw to second 1-0: Ground out U3 (Groundball, 3L, EV 86.9 MPH)
|
Bottom of the 6th over - 7 runs, 3 hits, 0 errors, 2 left on base; Cleveland (APP) 0 - Baltimore (APP) 21 |
TOP OF THE 7TH |
Cleveland (APP) Indians batting - Pitching for Baltimore (APP) Orioles : RHP Bryant Orr
|
Batting: RHB Luis Roman
|
0-0: Foul Ball, location: 2F 0-1: Called Strike 0-2: Ball 1-2: Ball 2-2: Strikes out swinging
|
Batting: LHB Kenji Yokoyama
|
0-0: Foul Ball, location: 2F 0-1: SINGLE (Line Drive, 9S, EV 90.0 MPH)
|
Batting: RHB Joe Shade
|
0-0: Ball 1-0: Ball 2-0: Called Strike 2-1: Foul Ball, location: 2F 2-2: Strikes out looking
|
Pitching: RHP Frank Caillouet
|
|
Batting: LHB Heath Ryland
|
0-0: Called Strike 0-1: Swinging Strike 0-2: Ball 1-2: Strikes out swinging
|
Top of the 7th over - 0 runs, 1 hit, 0 errors, 1 left on base; Cleveland (APP) 0 - Baltimore (APP) 21 |
BOTTOM OF THE 7TH |
Baltimore (APP) Orioles batting - Pitching for Cleveland (APP) Indians : LHP Jordan Jimenez
|
Pinch Hitting: LHB Justin Alworth
|
0-0: Called Strike 0-1: Ground out 5-3 (Groundball, 56, EV 89.4 MPH)
|
Batting: RHB Mike Zepeda
|
0-0: Foul Ball, location: 2F 0-1: Ground out 5-3 (Groundball, 56S, EV 86.9 MPH)
|
Batting: RHB Alex Valencia
|
0-0: Foul Ball, location: 2F 0-1: Swinging Strike 0-2: Ball 1-2: Ball 2-2: Ball 3-2: Base on Balls
|
Batting: RHB Jeremy Sipe
|
0-0: Foul Ball, location: 2F 0-1: Ball 1-1: SINGLE (Line Drive, 7S, EV 95.0 MPH) Alex Valencia to second
|
Batting: LHB Antonio Cantu
|
0-0: SINGLE (Flyball, 89S, EV 89.4 MPH) Alex Valencia to third Jeremy Sipe to second
|
Pinch Hitting: RHB Ryan Vest
|
0-0: Called Strike 0-1: Swinging Strike 0-2: Fly out, F4 (Popup, 4M, EV 53.8 MPH)
|
Bottom of the 7th over - 0 runs, 2 hits, 0 errors, 3 left on base; Cleveland (APP) 0 - Baltimore (APP) 21 |
TOP OF THE 8TH |
Cleveland (APP) Indians batting - Pitching for Baltimore (APP) Orioles : RHP Frank Caillouet
|
Now at 3B: Ryan Vest
|
|
Now in CF: Justin Alworth
|
|
Batting: RHB Ken Shear
|
0-0: Called Strike 0-1: Ball 1-1: Reached on error, E1 (Groundball, 15S, EV 57.5 MPH)
|
Batting: LHB Jose Esteban
|
0-0: Sac Bunt to 13S - play at first, batter OUT! 1-3 Ken Shear to third
|
Batting: RHB John Clark
|
0-0: Foul Ball, location: 2F 0-1: Foul Ball, location: 2F 0-2: Ball 1-2: Strikes out swinging
|
Batting: RHB Carlos Manriquez
|
0-0: Called Strike 0-1: Ball 1-1: Ball 2-1: Swinging Strike 2-2: Ball 3-2: Strikes out swinging
|
Top of the 8th over - 0 runs, 0 hits, 1 error, 1 left on base; Cleveland (APP) 0 - Baltimore (APP) 21 |
BOTTOM OF THE 8TH |
Baltimore (APP) Orioles batting - Pitching for Cleveland (APP) Indians : LHP Jordan Jimenez
|
Batting: LHB Tomas de Zeeuw
|
0-0: Called Strike 0-1: Called Strike 0-2: Ball 1-2: Ball 2-2: Ball 3-2: Base on Balls
|
Batting: RHB Matt O'Dea
|
0-0: Called Strike 0-1: Swinging Strike 0-2: Ball 1-2: Ball Passed Ball! Tomas de Zeeuw to second 2-2: Foul Ball, location: 2F 2-2: Ball 3-2: Base on Balls
|
Batting: RHB Roberto Sotelo
|
0-0: Reached on error, E6 (Groundball, 4M, EV 105.0 MPH) Tomas de Zeeuw scores Matt O'Dea to third
|
Pinch Hitting: RHB Matt Foster
|
0-0: Called Strike 0-1: Reached on error, E9 (Flyball, 9, EV 85.6 MPH) Matt O'Dea scores Roberto Sotelo to third
|
Batting: RHB Mike Zepeda
|
0-0: Ball Wild Pitch! Roberto Sotelo scores Matt Foster to second 1-0: Ball Wild Pitch! Matt Foster to third 2-0: Ball 3-0: Foul Ball, location: 2F 3-1: Base on Balls
|
Batting: RHB Alex Valencia
|
0-0: Called Strike 0-1: Swinging Strike Passed Ball! Matt Foster scores Mike Zepeda to second 0-2: SINGLE (Groundball, 6MD, EV 105.6 MPH) Mike Zepeda to third Throwing error, E8 Mike Zepeda scores Alex Valencia to second
|
Batting: RHB Jeremy Sipe
|
0-0: Ground out 6-3 (Groundball, 6, EV 87.5 MPH) Alex Valencia to third
|
Batting: LHB Antonio Cantu
|
0-0: Reached on error, E6 (Groundball, 6S, EV 83.1 MPH) Alex Valencia scores
|
Batting: RHB Ryan Vest
|
0-0: Ground out 4-3 (Groundball, 4, EV 91.9 MPH) Antonio Cantu to third
|
Batting: LHB Tomas de Zeeuw
|
0-0: Ball 1-0: Ball 2-0: Called Strike 2-1: Ball Wild Pitch! Antonio Cantu scores 3-1: Swinging Strike 3-2: Strikes out swinging
|
Bottom of the 8th over - 7 runs, 1 hit, 4 errors, 0 left on base; Cleveland (APP) 0 - Baltimore (APP) 28 |
TOP OF THE 9TH |
Cleveland (APP) Indians batting - Pitching for Baltimore (APP) Orioles : RHP Frank Caillouet
|
Now in LF: Matt Foster
|
|
Now in CF: Antonio Cantu
|
|
Batting: RHB Juan Gallardo
|
0-0: Foul Ball, location: 2F 0-1: Called Strike 0-2: Strikes out looking
|
Batting: RHB Luis Roman
|
0-0: Foul Ball, location: 2F 0-1: Ball 1-1: Swinging Strike 1-2: Foul Ball, location: 2F 1-2: Strikes out swinging
|
Batting: LHB Kenji Yokoyama
|
0-0: Called Strike 0-1: Called Strike 0-2: Ball 1-2: Strikes out swinging
|
Top of the 9th over - 0 runs, 0 hits, 0 errors, 0 left on base; Cleveland (APP) 0 - Baltimore (APP) 28 |
|